Work, chaotic female elven Wizard ---- ------- --------------- ... |.....| |.............| .. ##......| |.............| . # |.....| |..............## .. ## |.....| |.............| # . f ------- -------- ------------|-- ### ### |......| ## # @ |...(..-# # ### ### ###B |....>.|# ### # #### ##### --------# # ### #-.---# ### ########### # ---|-- #|...-# # --.------------ ####|.....#####|...| ##-.............| ####|....| |...| |..<..........| ##.....| |...| |.............| |....| |...| --------------- ------ |...| ----- Work the Evoker Experience level: 2 Strength: 25 Dexterity: 15 Constitution: 11 Intelligence: 20 Wisdom: 10 Charisma: 9 Health: 0(21) Energy: 27(27) Def: 8 Gold: 949 Moves: 2664 Dungeon seed: KrVrD1H_88qR1ysR Game ID: Work_1514492341 Your Inventory: Coins $ - 949 gold pieces Weapons a - a blessed +1 quarterstaff (weapon in hands) l - 4 uncursed +0 orcish daggers r - a blessed +1 orcish dagger J - a cursed +0 scimitar O - an uncursed +0 sling Armor e - a blessed greased +0 cloak of magic resistance (being worn) C - an uncursed +0 pair of low boots (being worn) G - an uncursed +0 pair of gauntlets of power (being worn) H - an uncursed +1 studded leather armor (being worn) N - an uncursed +0 helmet (being worn) P - an uncursed +0 helmet Comestibles s - 2 uncursed food rations K - an uncursed tripe ration Scrolls n - an uncursed scroll of confuse monster Spellbooks d - a blessed spellbook of magic missile f - a blessed spellbook of sleep g - a blessed spellbook of slow monster M - an uncursed spellbook of cause fear Potions j - an uncursed potion of oil t - a blessed potion of levitation u - an uncursed potion of confusion z - a cursed potion of see invisible B - an uncursed potion of invisibility D - a cursed potion of object detection I - a blessed potion of full healing L - a potion of holy water Rings o - an uncursed ring of slow digestion x - a cursed ring of see invisible Wands b - an uncursed wand of striking (0:5) v - an uncursed wand of create monster (0:5) w - an uncursed wand of slow monster (0:7) Tools h - an uncursed blindfold i - an uncursed bell k - an uncursed skeleton key p - an uncursed can of grease (0:24) Gems q - 3 uncursed worthless pieces of yellow glass y - an uncursed worthless piece of orange glass Y - an uncursed worthless piece of white glass Spells and supernatural/magical abilities: Spells marked with '*' are forgotten. Spells marked with '!' are maintained. Spells marked with '#' are aliased with 'castalias'. Name Level Category Fail Memory a - force bolt 1 attack 0% 96% W - pray for help -- divine ? -- Your skills at the end: Fighting Skills wands [Basic] Weapon Skills quarterstaff [Basic] Spellcasting Skills attack spells [Basic] enchantment spells [Basic] Final Attributes: You were magic resistant. You saw invisible. You had infravision. You last prayed 585 turns ago. You are dead. Vanquished creatures: 2 large mimics a small mimic a straw golem 3 hill orcs a giant bat a wererat 2 iguanas 3 acid blobs 3 coyotes a gas spore a hobbit 3 giant rats a brown mold a yellow mold 2 red molds 4 geckos 13 jackals 4 goblins a grid bug 3 lichens 2 kobold zombies 8 newts 61 creatures vanquished. Voluntary challenges: You used a wielded weapon 9 times, starting on turn 334. You read items or engraved 50 times, starting on turn 2. You never genocided any monsters. You never polymorphed an object. You never changed form. You used no wishes. You never split a pudding. You wrote Elbereth's name 46 times, starting on turn 1547. You never violated your personal moral code. Dungeon overview: The Dungeons of Doom: levels 1 to 7 Level 1 a fountain a long staircase Level 2 a vault stairs to The Gnomish Mines Level 3 a fountain Level 4 <- You were here Level 5 Level 6 a fountain, a vault Level 7 an armor shop The Gnomish Mines: Level 3 stairs to The Dungeons of Doom History has recorded: On T:1 you entered the Dungeons of Doom to retrieve the Amulet of Yendor! On T:459 you reached level 2 of The Dungeons of Doom. On T:675 you reached level 1 of The Gnomish Mines. On T:707 you reached level 3 of The Dungeons of Doom. On T:1020 you reached level 4 of The Dungeons of Doom. On T:1046 you reached level 5 of The Dungeons of Doom. On T:1435 you reached level 6 of The Dungeons of Doom. On T:1489 you reached level 7 of The Dungeons of Doom. On T:2573 you advanced to experience level 2. Score breakdown: Gold: 949 (10129 points) Experience: 2 levels ( 5570 points) Exploration: 7 levels ( 14.58%) (10718 points) Discoveries: 3 items ( 1.05%) ( 3067 points) Valuables value: (no points given unless you survive) Artifact value: 0 ( 0 points) Variety of kills: 22 monsters ( 5.79%) ( 7218 points) Turncount: 2664 turns ( -424 points) Survival: died (score multiplied by 80%) Total score: 29022 Latest messages: Never mind. The large cat bites the brown mold. The brown mold is killed! You see here a brown mold corpse. This brown mold corpse tastes terrible! You finish eating the brown mold corpse. You hear some noises nearby. The newt is killed! You see here a newt corpse. The giant bat misses. The giant bat bites! Blecch! Rotten food! The world spins and goes dark. The giant bat misses. The giant bat bites! (3x) The giant bat misses. The giant bat bites! (5x) You die... For some reason, you think that you can almost hear the Wizard laugh manically... Final status: Goodbye Work the Wizard, killed by a giant bat, while unconscious from rotten food... You died in The Dungeons of Doom on dungeon level 4 with 29022 points, and 949 pieces of gold, after 2664 moves. You were level 2 with a maximum of 21 hit points when you died.